 Dungeon Crawl Stone Soup version 0.28.0 (webtiles) character file.

Game seed: 264913276931922717

37 lonewolfV2 the Skirmisher (level 3, -2/33 HPs)
             Began as a Hill Orc Fighter on Feb 11, 2022.
             Killed from afar by an orc wizard (5 damage)
             ... with a magic dart
             ... on level 2 of the Dungeon.
             The game lasted 00:01:50 (963 turns).

lonewolfV2 the Skirmisher (Hill Orc Fighter)         Turns: 963, Time: 00:01:50

Health: -2/33      AC:  6    Str: 20    XL:     3   Next: 41%
Magic:  3/3        EV: 13    Int:  8    God:
Gold:   60         SH:  0    Dex: 10    Spells: 2/2 levels left

rFire   . . .      SeeInvis .   a - +0 war axe
rCold   . . .      Faith    .   c - +1 buckler
rNeg    . . .      Spirit   .   b - +0 scale mail
rPois   .          Reflect  .   (no helmet)
rElec   .          Harm     .   (no cloak)
rCorr   .          Rampage  .   (no gloves)
Will    .....                   (no boots)
Stlth   ..........              (no amulet)
HPRegen 0.11/turn               f - +4 ring of evasion
MPRegen 0.08/turn               (no ring)

@: confused
A: no striking features
a: no special abilities


You were on level 2 of the Dungeon.
You visited 1 branch of the dungeon, and saw 2 of its levels.

You collected 60 gold pieces.

Inventory:

Hand Weapons
 a - a +0 war axe (weapon)
Armour
 b - a +0 scale mail (worn)
 c - a +1 buckler (worn)
Jewellery
 f - a +4 ring of evasion (left hand)
Scrolls
 g - a scroll of teleportation
 i - a scroll of fog {unknown}
Potions
 d - a potion of might
 e - 3 potions of lignification
 h - a potion of heal wounds {unknown}


   Skills:
 + Level 4.2 Fighting
 + Level 3.2 Axes
 + Level 3.6 Armour
 + Level 0.1 Dodging
 + Level 3.7 Shields


You had 2 spell levels left.
You didn't know any spells.
Your spell library was empty.

Dungeon Overview and Level Annotations

Branches:
Dungeon (2/15)

Altars:


Message History

You hear some strange, mumbled words. x2
A magic dart appears from out of thin air!
The magic dart hits you!
* * * LOW HITPOINT WARNING * * *
You barely miss something. Something hits you.
* * * LOW HITPOINT WARNING * * *
You hear some strange, mumbled words.
A puff of flame appears from out of thin air!
The puff of flame hits something!
Reactivating autopickup.
It was a potion of curing.
You feel better.
Deactivating autopickup; reactivate with Ctrl-A.
You closely miss something. The orc hits you but does no damage.
Something hits you but does no damage.
You slash something!
An orc wizard appears from thin air!
Reactivating autopickup.
You block the orc's attack. The orc wizard casts a spell at you.
You are confused.
The orc misses you. The orc wizard barely misses you.
You bump into the rock wall.
The orc misses you. The orc wizard closely misses you.
You're too confused to move!
The orc hits you but does no damage.
The orc wizard hits you but does no damage.
You're too confused to move!
The orc closely misses you.
The orc wizard gestures at you while chanting.
You are more confused.
You closely miss the orc wizard.
The orc wizard is severely wounded.
The orc closely misses you. The orc wizard closely misses you.
You closely miss the orc wizard.
The orc wizard is severely wounded.
The orc hits you from afar with a +0 trident.
* * * LOW HITPOINT WARNING * * *
The orc wizard closely misses you. The orc barely misses you.
The orc wizard closely misses you.
You bump into the rock wall.
The orc closely misses you. The orc wizard casts a spell at you.
The magic dart hits you.
You die...

######.#.# #.#.# #...#
##..# #..#
#..################
#.>...............#
###################.##
.....oo@......# #.#
#############.# #.#
#.### #.# #...# #.#
###.###.# #.....#
#####.# #.# ###


You could see an orc wizard and an orc.

Vanquished Creatures
  An orc (D:2)
  2 bats (D:1)
  5 endoplasms
  5 giant cockroaches
  2 goblins (D:1)
  2 hobgoblins
  3 jackals (D:1)
  A kobold (D:1)
  4 ball pythons
  2 frilled lizards
  4 rats
31 creatures vanquished.

Vanquished Creatures (others)
  An orc wizard (D:2)
1 creature vanquished.

Grand Total: 32 creatures vanquished

Notes
Turn   | Place    | Note
-------+----------+-------------------------------------------
     0 | D:1      | lonewolfV2 the Hill Orc Fighter began the quest for the
                  | Orb.
     0 | D:1      | Reached XP level 1. HP: 19/19 MP: 1/1
    57 | D:1      | Reached XP level 2. HP: 22/27 MP: 2/2
    58 | D:1      | Reached skill level 4 in Fighting
   609 | D:1      | Reached XP level 3. HP: 33/33 MP: 3/3
   954 | D:2      | HP: 1/33 [something (2)]
   963 | D:2      | Killed from afar by an orc wizard

Illustrated notes

Levels and vault maps discovered:
D:1:      onia_arrival_mini_spirals, layout_rooms
D:2:      layout_basic

Skill      XL: |  1  2 |
---------------+-------+-----
Fighting       | 4 |  4.2
Axes           | 3 |  3.2
Armour         | |  3.6
Dodging        | |  0.1
Shields        | |  3.7

Action                   || total
-------------------------++-------
Melee: War axe           ||    76
  Use: Scroll            ||     3
       Potion            ||     1
Armor: Scale mail        ||    41
Dodge: Dodged            ||    56
Block: Buckler           ||    23
